 Dungeon Sprint DCSS version 0.26-a0-851-g735459dd53 (webtiles) character file.

Game seed: 3980276998697333046

2171 Conn the Covert (level 9, -18/57 HPs)
             Began as an Octopode Fire Elementalist on Nov 21, 2020.
             Was a High Priest of Vehumet.
             Killed from afar by a lindwurm (47 damage)
             ... with a blast of flame
             ... in the Dungeon (Sprint VII: "The Pits").
             The game lasted 00:21:49 (1653 turns).

Conn the Covert (Octopode Fire Elementalist)        Turns: 1653, Time: 00:21:49

Health: -18/57     AC:  1    Str: 13    XL:     9   Next: 32%
Magic:  1/21       EV: 16    Int: 20    God:    Vehumet [*****.]
Gold:   0          SH:  0    Dex: 13    Spells: 4/24 levels left

rFire    . . .     SeeInvis .   q - +2 rapier (distort)
rCold    . . .     Faith    .   (no shield)
rNeg     . . .     Spirit   .   (helmet restricted)
rPois    .         Reflect  .   (no amulet)
rElec    .         Harm     .   m - +3 ring of strength
rCorr    .         Rampage  .   n - +3 ring of strength
MR       .....     NoTele   +   (no ring)
Stlth    ++++++....             (no ring)
HPRegen  0.19/turn              (no ring)
MPRegen  0.17/turn              (no ring)
                                (no ring)
                                (no ring)

@: no status effects
A: almost no armour, stealthy swim, amphibious, 8 rings, constrict 8, camouflage
1, gelatinous body 1
a: Renounce Religion


You were in the Dungeon.
You worshipped Vehumet.
Vehumet was extremely pleased with you.
You visited 1 branch

Inventory:

Hand Weapons
 a - a +2 dagger
 l - a +0 dagger of venom
 q - a +2 rapier of distortion (weapon)
Jewellery
 m - a +3 ring of strength (left tentacle)
 n - a +3 ring of strength (right tentacle)
Scrolls
 i - 3 scrolls of remove curse
 j - 4 scrolls of amnesia
 k - a scroll of summoning
Potions
 b - 7 potions of curing
 c - 11 potions of heal wounds
 e - a potion of magic
 f - 2 potions of berserk rage
 h - 2 potions of invisibility
 o - 2 potions of might
 p - a potion of mutation


   Skills:
 + Level 3.4 Fighting
 + Level 5.9 Short Blades
 + Level 6.5 Dodging
 + Level 12.5 Stealth
 + Level 8.4 Spellcasting
 * Level 8.6 Conjurations
 + Level 1.3 Translocations
 + Level 10.9 Fire Magic


You had 4 spell levels left.
You knew the following spells:

 Your Spells              Type           Power        Failure   Level
a - Foxfire               Conj/Fire      ####         1%          1
b - Iskenderun's Mystic   Conj/Tloc      ####....     3%          4
c - Sticky Flame          Conj/Fire      #####...     1%          4
d - Fireball              Conj/Fire      #####.....   1%          5
e - Ignite Poison         Fire/Tmut/Pois ###.....     1%          3
f - Mephitic Cloud        Conj/Pois/Air  ###.....     2%          3

Your spell library contained the following spells:

 Spells                   Type           Power        Failure   Level
 Lee's Rapid Deconstruct  Erth           #.........   47%         5
 Conjure Flame            Conj/Fire      #####...     1%          3
 Inner Flame              Hex/Fire       ####....     1%          3


Dungeon Overview and Level Annotations

Branches:
Dungeon (1/1)

Altars:
Ashenzari
Cheibriados
Dithmenos
Elyvilon
Fedhas
Gozag
Hepliaklqana
Kikubaaqudgha
Makhleb
Nemelex Xobeh
Okawaru
Qazlal
Ru
Sif Muna
Trog
Uskayaw
Vehumet
Wu Jian
Xom
Yredelemnul
Zin
The Shining One
Beogh
Jiyva
Lugonu


Innate Abilities, Weirdness & Mutations

You cannot wear most types of armour.
You are very stealthy in the water. (Stealth+)
You are amphibious.
You can wear up to eight rings at the same time.
You can use your tentacles to constrict eight enemies at once.
Your skin changes colour to match your surroundings (Stealth+).
Your rubbery body absorbs attacks. (AC +1, EV +1)


Message History

Casting: Fireball (dangerous; 1% risk of failure)
Confirm with . or Enter, or press ? or * to list all spells.
You erupt in a blast of force!
The mystic blast hits the phantasmal warrior.
The phantasmal warrior is heavily damaged.
The phantasmal warrior is knocked back by the mystic blast.
The lindwurm seems less confused.
The phantasmal warrior blinks!
Casting: Iskenderun's Mystic Blast (dangerous; 3% risk of failure)
Confirm with . or Enter, or press ? or * to list all spells.
Press: ? - help, Shift-Dir - straight line, f - lindwurm, p - phantasmal warrior
Aim: a lindwurm (heavily wounded)
The fireball explodes!
The fireball engulfs the lindwurm!!
The lindwurm is almost dead.
The fireball engulfs the death yak!
The death yak is lightly wounded.
The lindwurm breathes flames at you. The blast of flame hits you!!!
Ouch! That really hurt!
You die...

############ #_________.#
#_________.#
#_______...###########++######
##########'##...@............#
#.?(.')))'.##......#..#......#
##########.##..W........)....+
#.....).....'....ยง.Yk........+
#'#####'#####......#..#......#
#.#..#..#..##................#
#.#..'..#))#####'#####''######
#.#..####.)##.......##''### ###
#.#..#..#))##.......##....##..+


You could see a death yak, a lindwurm (catching breath) and a phantasmal
warrior.

Vanquished Creatures
  2 shadow wraiths (D)
  A polar bear (D)
  A wraith (D)
  A floating eye (D)
  A water moccasin (D)
  A necrophage (D)
  A phantom (D)
  A wolf (D)
  2 gnoll sergeants (D)
  An iron imp (D)
  A worker ant (D)
  A hell rat (D)
  A mummy (D)
  5 gnolls (D)
  An adder (D)
  2 leopard geckos (D)
  A bat zombie (D)
  2 giant cockroaches (D)
  A hobgoblin (D)
  2 frilled lizards (D)
  A jackal zombie (D)
  A quokka zombie (D)
31 creatures vanquished.

Vanquished Creatures (others)
  24 foxfires (D)
24 creatures vanquished.

Grand Total: 55 creatures vanquished

Notes
Turn   | Place    | Note
-------+----------+-------------------------------------------
     0 | D        | Conn the Octopode Fire Elementalist began the quest for the
                  | Orb.
     0 | D        | Reached XP level 1. HP: 11/11 MP: 3/3
    31 | D        | Reached skill level 3 in Stealth
    31 | D        | Reached XP level 2. HP: 15/17 MP: 0/5
   117 | D        | Found a bloodstained altar of Trog.
   117 | D        | Found a shimmering blue altar of Sif Muna.
   117 | D        | Found a viscous altar of Jiyva.
   117 | D        | Found a hazy altar of Hepliaklqana.
   117 | D        | Found an opulent altar of Gozag.
   118 | D        | Found a glowing golden altar of the Shining One.
   118 | D        | Found a glowing silver altar of Zin.
   118 | D        | Found a basalt altar of Yredelemnul.
   118 | D        | Found a shimmering altar of Xom.
   118 | D        | Found an ornate altar of the Wu Jian Council.
   118 | D        | Found a sacrificial altar of Ru.
   118 | D        | Found a stormy altar of Qazlal.
   118 | D        | Found an iron altar of Okawaru.
   118 | D        | Found a sparkling altar of Nemelex Xobeh.
   118 | D        | Found a burning altar of Makhleb.
   118 | D        | Found a blossoming altar of Fedhas.
   118 | D        | Found a white marble altar of Elyvilon.
   118 | D        | Found a shadowy altar of Dithmenos.
   118 | D        | Found a snail-covered altar of Cheibriados.
   119 | D        | Found a radiant altar of Vehumet.
   119 | D        | Found a corrupted altar of Lugonu.
   119 | D        | Found a roughly hewn altar of Beogh.
   120 | D        | Found a hide-covered altar of Uskayaw.
   120 | D        | Found an ancient bone altar of Kikubaaqudgha.
   120 | D        | Found a broken altar of Ashenzari.
   127 | D        | Became a worshipper of Vehumet
   179 | D        | Reached * piety under Vehumet
   179 | D        | Offered knowledge of Sandblast by Vehumet.
   180 | D        | Reached skill level 4 in Stealth
   180 | D        | Reached skill level 5 in Fire Magic
   180 | D        | Reached XP level 3. HP: 21/21 MP: 5/7
   185 | D        | Reached skill level 1 in Short Blades
   231 | D        | Noticed a floating eye
   235 | D        | Killed a floating eye
   235 | D        | Reached ** piety under Vehumet
   236 | D        | Reached skill level 1 in Fighting
   236 | D        | Reached skill level 6 in Stealth
   236 | D        | Reached XP level 4. HP: 28/28 MP: 8/10
   236 | D        | Reached XP level 5. HP: 33/33 MP: 8/11
   298 | D        | Learned a level 3 spell: Conjure Flame
   303 | D        | Learned a level 4 spell: Sticky Flame
   311 | D        | Noticed a water moccasin
   352 | D        | Noticed a phantom
   353 | D        | Offered knowledge of Shock by Vehumet.
   353 | D        | Reached *** piety under Vehumet
   383 | D        | Killed a water moccasin
   384 | D        | Reached skill level 8 in Stealth
   384 | D        | Reached XP level 6. HP: 25/38 MP: 2/13
   406 | D        | Reached skill level 5 in Dodging
   406 | D        | Reached skill level 5 in Spellcasting
   409 | D        | Reached **** piety under Vehumet
   417 | D        | Learned a level 5 spell: Fireball
   447 | D        | Killed a phantom
   448 | D        | Reached skill level 9 in Stealth
   642 | D        | Offered knowledge of Ignite Poison by Vehumet.
   643 | D        | Reached XP level 7. HP: 44/44 MP: 15/15
   644 | D        | Reached ***** piety under Vehumet
   658 | D        | Learned a level 3 spell: Ignite Poison
   658 | D        | Noticed a polar bear
   660 | D        | Killed a polar bear
   660 | D        | Offered knowledge of Iskenderun's Mystic Blast by Vehumet.
   661 | D        | Reached skill level 10 in Stealth
   669 | D        | Learned a level 4 spell: Iskenderun's Mystic Blast
   672 | D        | Offered knowledge of Mephitic Cloud by Vehumet.
   684 | D        | Reached skill level 11 in Stealth
   687 | D        | Reached skill level 5 in Short Blades
   853 | D        | Killed a shadow wraith
   854 | D        | Reached skill level 12 in Stealth
   854 | D        | Reached skill level 10 in Fire Magic
   854 | D        | Reached XP level 8. HP: 19/52 MP: 1/18
  1158 | D        | Learned a level 3 spell: Mephitic Cloud
  1206 | D        | Noticed a wraith
  1212 | D        | Offered knowledge of Lee's Rapid Deconstruction by Vehumet.
  1214 | D        | Killed a wraith
  1449 | D        | Killed a shadow wraith
  1450 | D        | Reached skill level 1 in Translocations
  1450 | D        | Reached XP level 9. HP: 18/57 MP: 11/21
  1636 | D        | Noticed a death yak
  1639 | D        | Noticed a lindwurm
  1642 | D        | Noticed a phantasmal warrior
  1642 | D        | Noticed a cyclops
  1653 | D        | Killed from afar by a lindwurm

Illustrated notes

Levels and vault maps discovered:
D:        pitsprint [storerooms_1, entrance_room_1, metal_vault_7, armoury_3,
          mini_pit_1, grid_room_1, main_hall_1, silver_pit, the_coven_3,
          the_vestibule_1, steel_vault_3, golden_pit, hallway_of_sentries,
          crystal_vault_3, iron_vault_2, final_vault]

Skill      XL: |  1  2  3  4  5  6  7  8 |
---------------+-------------------------+-----
Stealth        | 3 4 6 8 9 12 | 12.5
Fire Magic     | 4 5 7 8 9 10 | 10.9
Spellcasting   | 3 4 5 7 8 |  8.4
Short Blades   | 2 3 4 5 |  5.9
Fighting       | 1 3 |  3.4
Dodging        | 4 5 6 |  6.5
Conjurations   | 2 3 6 8 |  8.6
Translocations | 1 |  1.3

Action                   |  1- 3 |  4- 6 |  7- 9 || total
-------------------------+-------+-------+-------++-------
Melee: Unarmed           |     2 |       |       ||     2
       Dagger            |    12 |    18 |     7 ||    37
       Constrict         |     4 |     3 |     2 ||     9
       Tentacles         |     1 |     5 |     3 ||     9
       Rapier            |       |       |     5 ||     5
 Cast: Foxfire           |     3 |     9 |     1 ||    13
       Sticky Flame      |       |     3 |     2 ||     5
       Conjure Flame     |       |     1 |       ||     1
       Fireball          |       |     1 |    20 ||    21
       Iskenderun's Myst |       |       |     5 ||     5
       Mephitic Cloud    |       |       |     3 ||     3
  Use: Potion            |     1 |     1 |     6 ||     8
       Scroll            |       |       |     2 ||     2
 Stab: Sleeping          |     3 |     3 |     3 ||     9
Armor: Skin              |     3 |       |       ||     3
Dodge: Dodged            |    11 |    17 |    11 ||    39

Table legend: (Time is in decaauts)
 A = Elapsed time spent in this place.
 B = Non-inter-level travel time spent in this place.
 C = Inter-level travel time spent in this place.
 D = Time resting spent in this place.
 E = Time spent auto-exploring this place.
 F = Levels seen in this place.
 G = Mean time per level.
                   A        B        C        D        E       F      G
               +--------+--------+--------+--------+--------+-----+--------+
         Total |   1681 |   1681 |      0 |    947 |      0 |   1 | 1681.0 |
       Dungeon |   1681 |   1681 |      0 |    947 |      0 |   1 | 1681.0 |
               +--------+--------+--------+--------+--------+-----+--------+

Top non-repeatable levels by time:
       D: 1681 daAuts
